 Seeded DCSS version 0.27-a0-1228-gfd60fd639a (webtiles) character file.

Game seed: 49 (custom seed)

330 Snicker the Sneak (level 6, -1/44 HPs)
             Began as a Demonspawn Brigand on June 8, 2021.
             Splashed by a jelly's acid (5 damage)
             ... on level 4 of the Dungeon.
             The game lasted 00:05:54 (3037 turns).

Snicker the Sneak (Demonspawn Brigand)              Turns: 3037, Time: 00:05:55

Health: -1/44      AC:  0    Str: 12    XL:     6   Next: 26%
Magic:  6/6        EV: 10    Int: 12    God:
Gold:   138        SH:  6    Dex: 19    Spells: 5/5 levels left

rFire    . . .     SeeInvis .   r - +1 dagger (flame)
rCold    . . .     Faith    .   (no shield)
rNeg     + . .     Spirit   .   n - +0 ring mail
rPois    +         Reflect  .   (no helmet)
rElec    .         Harm     .   c - +1 cloak
rCorr    .         Rampage  .   (no gloves)
Will     .....                  q - +0 pair of boots
Stlth    ++++......             g - amulet of Yduughoofu {Acrobat rPois rN+ Dex+3 Stlth+}
HPRegen  0.14/turn              (no ring)
MPRegen  0.10/turn              (no ring)

@: brilliant, corroded, attractive
A: hooves 1, large bone plates 2, powered by death 1
a: no special abilities


You were on level 4 of the Dungeon.
You visited 1 branch of the dungeon, and saw 4 of its levels.

You collected 138 gold pieces.

Inventory:

Hand Weapons
 a - a +2 dagger
 f - a +0 dagger of draining
 r - a +1 dagger of flaming (weapon)
Missiles
 d - 8 poisoned darts
 e - a curare-tipped dart (quivered)
Armour
 b - a +0 robe
 c - a +1 cloak (worn)
 n - a +0 ring mail (worn)
 q - a +0 pair of boots (worn)
Jewellery
 g - the amulet of Yduughoofu (around neck) {Acrobat rPois rN+ Dex+3 Stlth+}
   (You acquired it on level 1 of the Dungeon)

   [amulet of the acrobat]

   It increases your evasion while moving and waiting.
   It affects your dexterity (+3).
   It protects you from poison.
   It protects you from negative energy.
   It makes you more stealthy.
 s - a ring of resist corrosion
Wands
 k - a wand of flame (17)
 p - a wand of iceblast (9)
Scrolls
 h - a scroll of enchant armour
 i - 4 scrolls of identify
 o - a scroll of vulnerability {unknown}
 t - a scroll of teleportation


   Skills:
 + Level 2.2 Fighting
 * Level 3.4 Short Blades
 + Level 1.9 Throwing
 + Level 0.3 Armour
 + Level 1.1 Dodging
 * Level 6.2 Stealth
 + Level 0.3 Shields


You had 5 spell levels left.
You didn't know any spells.
Your spell library was empty.

Dungeon Overview and Level Annotations

Branches:
Dungeon (4/15)
 Temple: D:4-7

Altars:
Makhleb
Qazlal

Annotations:
D:4 Grinder


Innate Abilities, Weirdness & Mutations

You have large cloven feet.
You are mostly covered in large bone plates. (SH +6)
You regenerate a little health from kills.


Message History

The jelly closely misses you.
You hit the jelly. You burn the jelly. The acid corrodes you!
Your hands burn!
The jelly is moderately wounded.
You hit the jelly but do no damage.
Your hands burn!
The jelly is moderately wounded.
The jelly hits you.
You are splashed with acid!
You hit the jelly. You burn the jelly.
Your hands burn!
The jelly is moderately wounded.
The jelly hits you but does no damage.
You hit the jelly but do no damage.
Your hands burn!
* * * LOW HITPOINT WARNING * * *
The jelly is moderately wounded.
You block the jelly's attack.
You hit the jelly. You burn the jelly.
Your hands burn!
* * * LOW HITPOINT WARNING * * *
The jelly is heavily wounded.
The jelly barely misses you.
It was a potion of attraction.
You feel attractive to monsters.
The jelly jiggles.
The jelly hits you but does no damage.
You hit the jelly. You burn the jelly.
Your hands burn!
* * * LOW HITPOINT WARNING * * *
The jelly is heavily wounded.
You block the jelly's attack.
You feel better. The jelly closely misses you.
You hit the jelly but do no damage. The acid corrodes you!
Your hands burn!
The jelly is heavily wounded.
You block the jelly's attack.
You hit the jelly but do no damage.
Your hands burn!
* * * LOW HITPOINT WARNING * * *
The jelly is heavily wounded.
It was a potion of brilliance.
You feel clever all of a sudden. The jelly hits you.
* * * LOW HITPOINT WARNING * * *
You are splashed with acid.
* * * LOW HITPOINT WARNING * * *
You hit the jelly but do no damage.
Your hands burn!
You die...

#......# .#
###.?....###.
.'......'...
#......##.#
#......##.# .#
.##......##.#### .#
.''....c.'.c...##.#
#....
##......##J##.##.#
#....
#...#####@##.##.#
#...# #... #.##..#.#
#...# #..
#####'###.#.# #...# #.
#...........# #...# #.
#........#..# #...#
#........#..# #...####
#........#..# #.......
#........##.###....###
#........##..##....#


You could see a centaur and a jelly.

Vanquished Creatures
  2 water moccasin skeletons
  A howler monkey (D:4)
  An orc priest (D:3)
  An iguana (D:4)
  Ijyb (D:4)
  Terence (D:2)
  2 adders (D:2)
  3 worms
  5 orcs
  3 ball pythons
  9 bats
  6 endoplasms
  2 giant cockroaches
  7 goblins
  3 hobgoblins
  5 kobolds
  4 quokkas
  6 rats
62 creatures vanquished.

Notes
Turn   | Place    | Note
-------+----------+-------------------------------------------
     0 | D:1      | Snicker the Demonspawn Brigand began the quest for the Orb.
     0 | D:1      | Reached XP level 1. HP: 16/16 MP: 1/1
   171 | D:1      | Identified a scroll of acquirement
   171 | D:1      | Acquired the amulet of Yduughoofu {Acrobat rPois rN+ Dex+3
                  | Stlth+}
   241 | D:1      | Reached skill level 4 in Stealth
   247 | D:1      | Gained mutation: You are partially covered in large bone
                  | plates. (SH +4) [demonic ancestry]
   247 | D:1      | Reached XP level 2. HP: 22/22 MP: 2/2
   861 | D:2      | Gained mutation: You have large cloven feet. [demonic
                  | ancestry]
   861 | D:2      | Reached XP level 3. HP: 22/27 MP: 3/3
   996 | D:2      | Found a faded altar of an unknown god.
  1199 | D:2      | Noticed Terence
  1217 | D:2      | Killed Terence
  1218 | D:2      | Reached skill level 5 in Stealth
  1218 | D:2      | Reached XP level 4. HP: 21/33 MP: 4/4
  1717 | D:3      | Reached skill level 1 in Dodging
  1717 | D:3      | Gained mutation: You are mostly covered in large bone
                  | plates. (SH +6) [demonic ancestry]
  1717 | D:3      | Reached XP level 5. HP: 33/38 MP: 5/5
  1892 | D:3      | Found a burning altar of Makhleb.
  2160 | D:3      | Found a stormy altar of Qazlal.
  2512 | D:4      | Reached skill level 6 in Stealth
  2560 | D:4      | Noticed Grinder
  2561 | D:4      | Noticed a centaur
  2894 | D:4      | Noticed Ijyb
  2897 | D:4      | Killed Ijyb
  2898 | D:4      | Gained mutation: You regenerate a little health from kills.
                  | [demonic ancestry]
  2898 | D:4      | Reached XP level 6. HP: 44/44 MP: 6/6
  3037 | D:4      | Splashed by a jelly's acid

Illustrated notes

Levels and vault maps discovered:
D:1:      sevenhm_arrival_forest_fort_small_4, layout_loops_ring
D:2:      layout_basic, shapermc_ecumenical_altar_gd, serial_bayou_pond_e,
          uniq_terence
D:3:      layout_loops_ring, nicolae_qazlal_eye_of_the_storm,
          lightli_temple_of_fire
D:4:      layout_basic, lemuel_crystal_altar,
          nicolae_ossuary_entry_false_entrances, uniq_ijyb, uniq_grinder

Skill      XL: |  1  2  3  4  5 |
---------------+----------------+-----
Stealth        | 4 5 6 |  6.2
Short Blades   | 2 3 |  3.4
Dodging        | 1 |  1.1
Fighting       | |  2.2
Throwing       | |  1.9
Armour         | |  0.3
Shields        | |  0.3

Action                   |  1- 3 |  4- 6 || total
-------------------------+-------+-------++-------
Melee: Dagger            |    79 |   130 ||   209
       Kick              |     6 |    15 ||    21
Throw: Dart              |     1 |       ||     1
Evoke: Wand              |       |     1 ||     1
  Use: Scroll            |     1 |     3 ||     4
       Potion            |       |     5 ||     5
 Stab: Sleeping          |    15 |     9 ||    24
Armor: Robe              |    17 |     6 ||    23
       Ring mail         |       |    15 ||    15
Dodge: Dodged            |    57 |    43 ||   100
Block: Other             |     6 |    21 ||    27

Table legend: (Time is in decaauts)
 A = Elapsed time spent in this place.
 B = Non-inter-level travel time spent in this place.
 C = Inter-level travel time spent in this place.
 D = Time resting spent in this place.
 E = Time spent auto-exploring this place.
 F = Levels seen in this place.
 G = Mean time per level.
                   A        B        C        D        E       F      G
               +--------+--------+--------+--------+--------+-----+--------+
         Total |   3017 |   2898 |    119 |    116 |   2168 |   4 |  754.2 |
       Dungeon |   3017 |   2898 |    119 |    116 |   2168 |   4 |  754.2 |
               +--------+--------+--------+--------+--------+-----+--------+

Top non-repeatable levels by time:
     D:1: 853 daAuts
     D:3: 775 daAuts
     D:2: 736 daAuts
     D:4: 651 daAuts
